TOP OF THE 1ST |
Maui Tropics batting - Pitching for San Francisco Bandits : RHP Mabuchi Yoshida
|
Pitching: RHP Mabuchi Yoshida
|
|
Batting: LHB Mike Pearson
|
0-0: Ball 1-0: Ball 2-0: Swinging Strike 2-1: Swinging Strike 2-2: Foul Ball, location: 2F 2-2: Foul Ball, location: 2F 2-2: Strikes out looking
|
Batting: LHB Luis Antonio Torres
|
0-0: Called Strike 0-1: Ball 1-1: Ball 2-1: Ball 3-1: SOLO HOME RUN (Flyball, 78XD), Distance : 376 ft
|
Batting: RHB Jesús Espinoza
|
0-0: Swinging Strike 0-1: Ball 1-1: Foul Ball, location: 2F 1-2: Strikes out swinging
|
Batting: RHB Luis Alou
|
0-0: SINGLE (Groundball, 5D)
|
Batting: RHB José Herrera
|
0-0: Swinging Strike 0-1: Ground out 6-3 (Groundball, 6S)
|
Top of the 1st over - 1 run(s), 2 hit(s), 0 error(s), 1 left on base; Maui 1 - San Francisco 0 |
BOTTOM OF THE 1ST |
San Francisco Bandits batting - Pitching for Maui Tropics : LHP Mark Stewart
|
Pitching: LHP Mark Stewart
|
|
Batting: RHB Raúl Bruno
|
0-0: Foul Ball, location: 2F 0-1: Ball 1-1: Ball 2-1: DOUBLE (Groundball, 5L)
|
Batting: LHB Seung-woo Yi
|
0-0: Foul Ball, location: 2F 0-1: Reached on error, E3 (Groundball, 3L) Raúl Bruno to third
|
Batting: RHB Owen Carter
|
0-0: Called Strike 0-1: Called Strike 0-2: Foul Ball, location: 2F 0-2: Ball 1-2: Foul Ball, location: 2F 1-2: Foul Ball, location: 2F 1-2: Foul Ball, location: 2F 1-2: Ball 2-2: DOUBLE (Line Drive, 78D) Raúl Bruno scores Seung-woo Yi to third
|
Batting: LHB Mario García
|
0-0: Ball 1-0: Fly out, F3 (Popup, 34)
|
Batting: RHB Ramón Ruíz
|
0-0: Ball 1-0: Foul Ball, location: 2F 1-1: Called Strike 1-2: Ball 2-2: Ball 3-2: Base on Balls
|
Batting: RHB Scott Merritt
|
0-0: Ball 1-0: Swinging Strike 1-1: Ball 2-1: Grounds into double play, 5-4-3 (Groundball, 56)
|
Bottom of the 1st over - 1 run(s), 2 hit(s), 1 error(s), 2 left on base; Maui 1 - San Francisco 1 |
TOP OF THE 2ND |
Maui Tropics batting - Pitching for San Francisco Bandits : RHP Mabuchi Yoshida
|
Batting: LHB José Rivas
|
0-0: Ball 1-0: Swinging Strike 1-1: Ball 2-1: Called Strike 2-2: Ball 3-2: SOLO HOME RUN (Flyball, 9LD), Distance : 339 ft
|
Batting: RHB Michael Woodruff
|
0-0: Fly out, F2 (Popup, 13S)
|
Batting: RHB José Rodríguez
|
0-0: Ball 1-0: Called Strike 1-1: Fly out, F6 (Popup, 56)
|
Batting: RHB Matt Silver
|
0-0: Ground out 5-3 (Groundball, 56S)
|
Top of the 2nd over - 1 run(s), 1 hit(s), 0 error(s), 0 left on base; Maui 2 - San Francisco 1 |
BOTTOM OF THE 2ND |
San Francisco Bandits batting - Pitching for Maui Tropics : LHP Mark Stewart
|
Batting: RHB Gustavo Ortíz
|
0-0: Ball 1-0: Ground out 6-3 (Groundball, 6)
|
Batting: LHB Alberto Gómez
|
0-0: Called Strike 0-1: Ball 1-1: Ball 2-1: Ball 3-1: Foul Ball, location: 2F 3-2: Ground out 5-3 (Groundball, 56S)
|
Batting: RHB Glenn Melican
|
0-0: Ball 1-0: Ball 2-0: Called Strike 2-1: Ball 3-1: Base on Balls
|
Batting: RHB Raúl Bruno
|
0-0: Fielders Choice at 2nd, 5-4 (Groundball, 56)
|
Bottom of the 2nd over - 0 run(s), 0 hit(s), 0 error(s), 0 left on base; Maui 2 - San Francisco 1 |
TOP OF THE 3RD |
Maui Tropics batting - Pitching for San Francisco Bandits : RHP Mabuchi Yoshida
|
Batting: LHB Mike Pearson
|
0-0: Ball 1-0: Swinging Strike 1-1: Ball 2-1: Foul Ball, location: 2F 2-2: Ground out 3-1 (Groundball, 34)
|
Batting: LHB Luis Antonio Torres
|
0-0: Foul Ball, location: 2F 0-1: Called Strike 0-2: Fly out, F4 (Popup, 4)
|
Batting: RHB Jesús Espinoza
|
0-0: SINGLE (Groundball, 6MD)
|
Batting: RHB Luis Alou
|
0-0: Called Strike 0-1: Ball 1-1: Swinging Strike 1-2: Strikes out looking
|
Top of the 3rd over - 0 run(s), 1 hit(s), 0 error(s), 1 left on base; Maui 2 - San Francisco 1 |
BOTTOM OF THE 3RD |
San Francisco Bandits batting - Pitching for Maui Tropics : LHP Mark Stewart
|
Batting: LHB Seung-woo Yi
|
0-0: Called Strike 0-1: Ball 1-1: Foul Ball, location: 2F 1-2: Ball 2-2: Ball 3-2: Foul Ball, location: 2F 3-2: Strikes out swinging
|
Batting: RHB Owen Carter
|
0-0: Ball 1-0: Fly out, F7 (Flyball, 7LD)
|
Batting: LHB Mario García
|
0-0: Ball 1-0: Fly out, F9 (Line Drive, 89D)
|
Bottom of the 3rd over - 0 run(s), 0 hit(s), 0 error(s), 0 left on base; Maui 2 - San Francisco 1 |
TOP OF THE 4TH |
Maui Tropics batting - Pitching for San Francisco Bandits : RHP Mabuchi Yoshida
|
Batting: RHB José Herrera
|
0-0: Called Strike 0-1: Ball 1-1: Called Strike 1-2: Ball 2-2: Foul Ball, location: 2F 2-2: Foul Ball, location: 2F 2-2: SINGLE (Groundball, 34D)
|
Batting: LHB José Rivas
|
0-0: Swinging Strike 0-1: Ball 1-1: Swinging Strike 1-2: Foul Ball, location: 2F 1-2: Foul Ball, location: 2F 1-2: Ball 2-2: Strikes out swinging
|
Batting: RHB Michael Woodruff
|
0-0: Ball 1-0: Called Strike 1-1: Ball 2-1: Ball 3-1: Called Strike 3-2: SINGLE (Groundball, 34D) José Herrera to second José Herrera to third
|
Batting: RHB José Rodríguez
|
0-0: Ball 1-0: Foul Ball, location: 2F 1-1: Foul Ball, location: 2F 1-2: Ball 2-2: Strikes out swinging
|
Batting: RHB Matt Silver
|
0-0: Ball 1-0: Foul Ball, location: 2F 1-1: Ball 2-1: Called Strike 2-2: Foul Ball, location: 2F 2-2: Foul Ball, location: 2F 2-2: Strikes out looking
|
Top of the 4th over - 0 run(s), 2 hit(s), 0 error(s), 2 left on base; Maui 2 - San Francisco 1 |
BOTTOM OF THE 4TH |
San Francisco Bandits batting - Pitching for Maui Tropics : LHP Mark Stewart
|
Batting: RHB Ramón Ruíz
|
0-0: Ball 1-0: Ball 2-0: Foul Ball, location: 2F 2-1: Ball 3-1: Base on Balls
|
Batting: RHB Scott Merritt
|
0-0: Foul Ball, location: 2F 0-1: SINGLE (Groundball, 6D) Ramón Ruíz to second
|
Batting: RHB Gustavo Ortíz
|
0-0: Called Strike 0-1: Foul Ball, location: 2F 0-2: Fly out, F2 (Popup, 34S)
|
Batting: LHB Alberto Gómez
|
0-0: Ball 1-0: Ball 2-0: Fly out, F7 (Flyball, 7S)
|
Batting: RHB Glenn Melican
|
0-0: Ball 1-0: Ball 2-0: Foul Ball, location: 2F 2-1: Foul Ball, location: 2F 2-2: Fly out, F6 (Line Drive, 6M)
|
Bottom of the 4th over - 0 run(s), 1 hit(s), 0 error(s), 2 left on base; Maui 2 - San Francisco 1 |
TOP OF THE 5TH |
Maui Tropics batting - Pitching for San Francisco Bandits : RHP Mabuchi Yoshida
|
Batting: LHB Mike Pearson
|
0-0: Ball 1-0: Fly out, F7 (Flyball, 7S)
|
Batting: LHB Luis Antonio Torres
|
0-0: SINGLE (Groundball, 4D)
|
Batting: RHB Jesús Espinoza
|
0-0: Grounds into double play, 4-6-3 (Groundball, 34)
|
Top of the 5th over - 0 run(s), 1 hit(s), 0 error(s), 0 left on base; Maui 2 - San Francisco 1 |
BOTTOM OF THE 5TH |
San Francisco Bandits batting - Pitching for Maui Tropics : LHP Mark Stewart
|
Batting: RHB Raúl Bruno
|
0-0: Foul Ball, location: 2F 0-1: Ball 1-1: Ball 2-1: Ground out 5-3 (Groundball, 56)
|
Batting: LHB Seung-woo Yi
|
0-0: Called Strike 0-1: SINGLE (Line Drive, 8LS)
|
Batting: RHB Owen Carter
|
0-0: Foul Ball, location: 2F 0-1: Foul Ball, location: 2F 0-2: Ball Seung-woo Yi steals 2nd base 1-2: 2-RUN HOME RUN (Flyball, 7LD), Distance : 370 ft
|
Batting: LHB Mario García
|
0-0: Ball 1-0: Called Strike 1-1: Foul Ball, location: 2F 1-2: SINGLE (Line Drive, 78M)
|
Batting: RHB Ramón Ruíz
|
0-0: Ball Mario García steals 2nd base 1-0: Intentional Walk
|
Batting: RHB Scott Merritt
|
0-0: Called Strike 0-1: Ball 1-1: Grounds into double play, 6-4-3 (Groundball, 6)
|
Bottom of the 5th over - 2 run(s), 3 hit(s), 0 error(s), 1 left on base; Maui 2 - San Francisco 3 |
TOP OF THE 6TH |
Maui Tropics batting - Pitching for San Francisco Bandits : RHP Mabuchi Yoshida
|
Batting: RHB Luis Alou
|
0-0: Called Strike 0-1: Called Strike 0-2: Strikes out looking
|
Batting: RHB José Herrera
|
0-0: Ball 1-0: Fly out, F6 (Line Drive, 6)
|
Batting: LHB José Rivas
|
0-0: Ball 1-0: Foul Ball, location: 2F 1-1: Called Strike 1-2: Strikes out swinging
|
Top of the 6th over - 0 run(s), 0 hit(s), 0 error(s), 0 left on base; Maui 2 - San Francisco 3 |
BOTTOM OF THE 6TH |
San Francisco Bandits batting - Pitching for Maui Tropics : LHP Mark Stewart
|
Batting: RHB Gustavo Ortíz
|
0-0: Ball 1-0: Called Strike 1-1: Ball 2-1: SOLO HOME RUN (Flyball, 89XD), Distance : 422 ft
|
Batting: LHB Alberto Gómez
|
0-0: Called Strike 0-1: Foul Ball, location: 2F 0-2: Fly out, F7 (Line Drive, 7LM)
|
Batting: RHB Glenn Melican
|
0-0: Called Strike 0-1: Ball 1-1: Foul Ball, location: 2F 1-2: Strikes out swinging
|
Batting: RHB Raúl Bruno
|
0-0: Called Strike 0-1: Ball 1-1: SINGLE (Groundball, 6MD)
|
Batting: LHB Seung-woo Yi
|
0-0: Ball 1-0: Called Strike 1-1: Ball 2-1: Ball 3-1: Foul Ball, location: 2F 3-2: Base on Balls Raúl Bruno to second
|
Pitching: RHP Steve Floyd
|
|
Batting: RHB Owen Carter
|
0-0: SINGLE (Groundball, 34D) Raúl Bruno to third Seung-woo Yi to second Runner from 3rd tries for Home, SAFE, no throw
|
Batting: LHB Mario García
|
0-0: Foul Ball, location: 2F 0-1: Fly out, F7 (Flyball, 78S)
|
Bottom of the 6th over - 2 run(s), 3 hit(s), 0 error(s), 2 left on base; Maui 2 - San Francisco 5 |
TOP OF THE 7TH |
Maui Tropics batting - Pitching for San Francisco Bandits : RHP Mabuchi Yoshida
|
Batting: RHB Michael Woodruff
|
0-0: Foul Ball, location: 2F 0-1: Swinging Strike 0-2: Ball 1-2: Strikes out swinging
|
Batting: RHB José Rodríguez
|
0-0: Ball 1-0: Swinging Strike 1-1: Swinging Strike 1-2: Ball 2-2: Foul Ball, location: 2F 2-2: Ball 3-2: Strikes out looking
|
Batting: RHB Matt Silver
|
0-0: Fly out, F2 (Popup, 13S)
|
Top of the 7th over - 0 run(s), 0 hit(s), 0 error(s), 0 left on base; Maui 2 - San Francisco 5 |
BOTTOM OF THE 7TH |
San Francisco Bandits batting - Pitching for Maui Tropics : RHP Steve Floyd
|
Batting: RHB Ramón Ruíz
|
0-0: Ball 1-0: Foul Ball, location: 2F 1-1: Swinging Strike 1-2: Foul Ball, location: 2F 1-2: Ball 2-2: Strikes out swinging, 2-3 out at first.
|
Batting: RHB Scott Merritt
|
0-0: Foul Ball, location: 2F 0-1: Ball 1-1: Fly out, F8 (Flyball, 8LS)
|
Batting: RHB Gustavo Ortíz
|
0-0: Ball 1-0: Ball 2-0: Called Strike 2-1: Foul Ball, location: 2F 2-2: Foul Ball, location: 2F 2-2: Strikes out swinging
|
Bottom of the 7th over - 0 run(s), 0 hit(s), 0 error(s), 0 left on base; Maui 2 - San Francisco 5 |
TOP OF THE 8TH |
Maui Tropics batting - Pitching for San Francisco Bandits : RHP Mabuchi Yoshida
|
Batting: LHB Mike Pearson
|
0-0: Ground out U3 (Groundball, 3L)
|
Pitching: RHP Mal Park
|
|
Batting: LHB Luis Antonio Torres
|
0-0: Fly out, F9 (Flyball, 9LS)
|
Batting: RHB Jesús Espinoza
|
0-0: Called Strike 0-1: Ball 1-1: Called Strike 1-2: Single, Error in OF, E9, batter to second base
|
Batting: RHB Luis Alou
|
0-0: Ball 1-0: Called Strike 1-1: Ground out 4-3 (Groundball, 4)
|
Top of the 8th over - 0 run(s), 1 hit(s), 1 error(s), 1 left on base; Maui 2 - San Francisco 5 |
BOTTOM OF THE 8TH |
San Francisco Bandits batting - Pitching for Maui Tropics : RHP Steve Floyd
|
Batting: LHB Alberto Gómez
|
0-0: Ball 1-0: Ball 2-0: Called Strike 2-1: Swinging Strike 2-2: Strikes out swinging
|
Batting: RHB Glenn Melican
|
0-0: Ground out 4-3 (Groundball, 4)
|
Batting: RHB Raúl Bruno
|
0-0: Called Strike 0-1: Swinging Strike 0-2: Ball 1-2: Ground out 6-3 (Groundball, 6)
|
Bottom of the 8th over - 0 run(s), 0 hit(s), 0 error(s), 0 left on base; Maui 2 - San Francisco 5 |
TOP OF THE 9TH |
Maui Tropics batting - Pitching for San Francisco Bandits : RHP Mal Park
|
Pitching: RHP Mitsunari Taguchi
|
|
Batting: RHB José Herrera
|
0-0: Called Strike 0-1: Foul Ball, location: 2F 0-2: Ball 1-2: Ball 2-2: Ball 3-2: Foul Ball, location: 2F 3-2: Base on Balls
|
Batting: LHB José Rivas
|
0-0: Ball 1-0: Called Strike 1-1: Ball 2-1: Ball 3-1: Base on Balls José Herrera to second
|
Batting: RHB Michael Woodruff
|
0-0: Swinging Strike 0-1: Foul Ball, location: 2F 0-2: Strikes out looking
|
Pinch Hitting: LHB Ernesto López
|
0-0: Called Strike 0-1: Ground out 3-1 (Groundball, 34S) José Herrera to third José Rivas to second
|
Batting: RHB Matt Silver
|
0-0: Called Strike 0-1: Foul Ball, location: 2F 0-2: Strikes out looking
|
Top of the 9th over - 0 run(s), 0 hit(s), 0 error(s), 2 left on base; Maui 2 - San Francisco 5 |
|